 Dungeon Crawl Stone Soup version 0.26-a0-1205-g4083c211ab (webtiles) character file.

Game seed: 11169630266787665411

25944 sokol815 the Carver (level 13, -9/74 HPs)
             Began as an Octopode Gladiator on Dec 29, 2020.
             Was an Initiate of Gozag.
             Mangled by a seven-headed hydra (16 damage)
             ... on level 5 of the Lair of Beasts.
             The game lasted 00:47:55 (18856 turns).

sokol815 the Carver (Octopode Gladiator)           Turns: 18856, Time: 00:47:56

Health: -9/74      AC: 12    Str: 13    XL:     13   Next: 22%
Magic:  17/22      EV: 18    Int: 21    God:    Gozag
Gold:   1132       SH:  5    Dex: 20    Spells: 6/24 levels left

rFire    + + .     SeeInvis .   O - +5 spear (freeze)
rCold    . . .     Faith    .   (no shield)
rNeg     . . .     Spirit   .   g - +2 hat
rPois    +         Reflect  +   A - amulet of reflection
rElec    .         Harm     .   j - ring of resist corrosion
rCorr    +         Rampage  .   L - ring "Ykit" {rPois rF+ Int+6 Dex+6}
Will     .....                  X - ring of protection from fire (curse) {rF+, !d}
Stlth    ++++++....             x - ring of stealth {Stlth+}
HPRegen  0.22/turn              (no ring)
MPRegen  0.18/turn              (no ring)
                                (no ring)
                                (no ring)

@: icy armour, frozen ramparts, studying Shields
A: almost no armour, stealthy swim, amphibious, 8 rings, constrict 8, camouflage
1, gelatinous body 1
a: Renounce Religion, Potion Petition, Call Merchant, Bribe Branch


You were on level 5 of the Lair of Beasts.
You worshipped Gozag.
Gozag was most pleased with you.
You visited 3 branches of the dungeon, and saw 16 of its levels.
You also visited: Bailey.

You collected 3601 gold pieces.
You spent 1785 gold pieces at shops.
You paid 684 gold pieces to Gozag.

Inventory:

Hand Weapons
 a - a +4 falchion of electrocution
   (You took it off an orc priest on level 3 of the Dungeon)
 b - a +2 dagger of holy wrath
   (You took it off a kobold on level 8 of the Dungeon)
 C - a +1 dagger of draining
   (You took it off an orc on level 7 of the Dungeon)
 N - a +4 long sword
   (You took it off a wight on level 9 of the Dungeon)
 O - a +5 spear of freezing (weapon)
   (You took it off a wight on level 9 of the Dungeon)
 R - a +1 dagger of protection
   (You took it off an orc wizard on level 10 of the Dungeon)
Missiles
 r - 4 throwing nets {=f, !d}
 w - 4 boomerangs
 B - 25 poisoned darts
 G - 25 javelins {=f}
Armour
 g - a +2 hat (worn)
Jewellery
 j - a ring of resist corrosion (left tentacle)
   (You found it on level 1 of the Dungeon)
 x - a ring of stealth (on tentacle) {Stlth+}
   (You found it on level 3 of the Lair of Beasts)
 A - an amulet of reflection (around mantle)
   (You found it on level 6 of the Dungeon)
 L - the ring "Ykit" (right tentacle) {rPois rF+ Int+6 Dex+6}
   (You acquired it in a bailey)

   [ring of intelligence]

   It affects your intelligence (+6).
   It affects your dexterity (+6).
   It protects you from fire.
   It protects you from poison.
 X - a cursed ring of protection from fire (on tentacle) {rF+, !d}
   (You found it on level 1 of the Lair of Beasts)
 Y - an uncursed amulet of the acrobat
   (You found it on level 1 of the Lair of Beasts)
Wands
 q - a wand of random effects (42)
   (You found it on level 3 of the Dungeon)
 E - a wand of enslavement (12)
   (You found it on level 8 of the Dungeon)
 F - a wand of acid (37)
   (You found it on level 8 of the Dungeon)
 J - a wand of flame (7)
   (You found it on level 4 of the Lair of Beasts)
 M - a wand of disintegration (7)
   (You found it on level 5 of the Lair of Beasts)
 V - a wand of paralysis (14)
   (You found it on level 1 of the Lair of Beasts)
Scrolls
 c - a scroll of torment {unknown}
 i - 10 scrolls of teleportation
 k - 2 scrolls of enchant armour
 l - a scroll of noise {unknown}
 m - a scroll of immolation {!r}
 p - 2 scrolls of magic mapping {!r}
 s - 3 scrolls of vulnerability {unknown}
 u - a scroll of random uselessness {unknown}
 v - 5 scrolls of remove curse
 y - a scroll of amnesia
 z - 3 scrolls of blinking {!r}
 H - a scroll of silence {unknown}
 I - a scroll of fear
 W - 3 scrolls of identify
Potions
 d - 5 potions of berserk rage {!q}
 e - a potion of attraction {unknown}
 f - 9 potions of curing
 h - 2 potions of magic {unknown}
 n - 4 potions of heal wounds {unknown}
 o - 6 potions of flight
 t - 3 potions of resistance {unknown}
 D - 3 potions of haste {unknown}
 P - a potion of invisibility
 Q - 3 potions of mutation {unknown}
 S - a potion of brilliance {unknown}
 T - a potion of lignification {unknown}
 Z - a potion of might {unknown}
Books
 K - a manual of Shields {!d}
   (You found it in a bailey)
Miscellaneous
 U - a phial of floods
   (You found it on level 1 of the Lair of Beasts)


   Skills:
 - Level 2.0 Fighting
 - Level 14.0 Long Blades
 - Level 2.0 Throwing
 - Level 6.0 Dodging
 - Level 8.0 Stealth
 - Level 6.0 Spellcasting
 * Level 13.3 Ice Magic


You had 6 spell levels left.
You knew the following spells:

 Your Spells              Type           Power        Failure   Level
a - Frozen Ramparts       Ice            100%         1%          3
b - Ozocubu's Refrigerat  Ice            29%          6%          6
c - Statue Form           Tmut/Erth      4%           100%        6
A - Ozocubu's Armour      Ice            58%          1%          3

Your spell library contained the following spells:

 Spells                   Type           Power        Failure   Level
 Freeze                   Ice            100%         1%          1
 Hailstorm                Conj/Ice       34%          6%          4
 Ice Form                 Ice/Tmut       34%          6%          4
 Summon Ice Beast         Ice/Summ       34%          6%          4
 Animate Skeleton         Necr           12%          10%         1
 Magic Dart               Conj           24%          10%         1
 Pain                     Necr           24%          10%         1
 Sandblast                Erth           12%          10%         1
 Sting                    Tmut/Pois      24%          10%         1
 Passwall                 Tmut/Erth      5%           14%         2
 Searing Ray              Conj           12%          14%         2
 Metabolic Englaciation   Hex/Ice        17%          19%         5
 Confusing Touch          Hex            6%           28%         3
 Dazzling Flash           Conj/Hex       12%          28%         3
 Gell's Gravitas          Tloc           3%           28%         3
 Stone Arrow              Conj/Erth      12%          28%         3
 Vampiric Draining        Necr           3%           28%         3
 Animate Dead             Necr           3%           67%         4
 Fulminant Prism          Conj/Hex       3%           67%         4
 Iskenderun's Mystic Bla  Conj/Tloc      6%           67%         4
 Petrify                  Tmut/Erth      6%           67%         4
 Simulacrum               Ice/Necr       17%          69%         6
 Freezing Cloud           Conj/Ice/Air   12%          94%         6
 Agony                    Necr           6%           95%         5
 Lee's Rapid Deconstruct  Erth           3%           95%         5
 Yara's Violent Unravell  Hex/Tmut       3%           95%         5
 Hydra Form               Tmut           3%           100%        6


Dungeon Overview and Level Annotations

Branches:
Dungeon (10/15)            Temple (1/1) D:5            Lair (5/6) D:9
  Swamp (0/4) Lair:3       Spider (0/4) Lair:4        Slime (0/5) Lair:5
 Bailey (visited)
    Orc: D:9-12

Altars:
Ashenzari
Cheibriados
Dithmenos
Elyvilon
Fedhas
Gozag
Hepliaklqana
Kikubaaqudgha
Makhleb
Nemelex Xobeh
Okawaru
Qazlal
Ru
Sif Muna
Trog
Uskayaw
Vehumet
Wu Jian
Xom
Yredelemnul
Zin
The Shining One
Jiyva

Shops:
D:9 :

Annotations:
D:4 Eustachio
D:7 exclusion: giant cockroach, Harold
Lair:5 exclusion: hydra


Innate Abilities, Weirdness & Mutations

You cannot wear most types of armour.
You are very stealthy in the water. (Stealth+)
You are amphibious.
You can wear up to eight rings at the same time.
You can use your tentacles to constrict eight enemies at once.
Your skin changes colour to match your surroundings (Stealth+).
Your rubbery body absorbs attacks. (AC +1, EV +1)


Message History

The water moccasin closely misses you.
You slash the water moccasin! You constrict the water moccasin.
The water moccasin barely misses you.
You riposte.
You barely miss the water moccasin. You squeeze the water moccasin.
You kill the water moccasin!
You now have 1036 gold pieces (gained 6).
r - 4 throwing nets {=f, !d} (gained 1)
You now have 1050 gold pieces (gained 14).
q - a wand of random effects (42) (gained 15 charges)
s - 2 scrolls labelled DUES JAQIAPPEH (gained 1)
You open the door.
There is an open door here.
The helpless cane toad fails to defend itself.
You slash the cane toad! You grab the cane toad.
You squeeze the cane toad, but do no damage.
You constrict the cane toad, but do no damage.
You block the cane toad's attack.
You hit the cane toad.
You constrict the cane toad, but do no damage.
You slash the cane toad! You squeeze the cane toad!
You constrict the cane toad. The cane toad stings you!
You take 12 damage, and have 62/74 hp.
You slash the cane toad!
Lightning courses through the cane toad!
You kill the cane toad!
You now have 1058 gold pieces (gained 8).
M - a wand of disintegration (9)
You now have 1079 gold pieces (gained 21).
You start resting.
Health restored: 74
E - a wand of enslavement (12) (gained 7 charges)
You see here 4 boomerangs.
You can't carry that many items.
Drop what? 52/52 slots (_ for help) (? for menu, Esc to quit)
You drop 88 bolts.
w - 4 boomerangs
s - 3 scrolls labelled DUES JAQIAPPEH (gained 1)
You now have 1101 gold pieces (gained 22).
You now have 1118 gold pieces (gained 17).
You now have 1132 gold pieces (gained 14).
A seven-headed hydra comes into view.
Aim: a seven-headed hydra (chance to affect: 15%)
The seven-headed hydra resists with almost no effort.
Aim: a seven-headed hydra (chance to affect: 30%)
The seven-headed hydra easily resists.
Aim: a seven-headed hydra (chance to affect: 30%)
The seven-headed hydra easily resists.
Aim: a seven-headed hydra (10% to evade)
The bolt of acid hits the seven-headed hydra!
The seven-headed hydra is splashed with acid!
The acid corrodes the seven-headed hydra!
A film of ice covers your body!
You now have 19/22 mp.
The walls around you are covered in ice.
The wall freezes the seven-headed hydra!
The seven-headed hydra misses you.
The seven-headed hydra closely misses you.
The seven-headed hydra bites you but does no damage.
The seven-headed hydra closely misses you.
The seven-headed hydra misses you. x2; The seven-headed hydra bites you!
You take 7 damage, and have 67/74 hp.
You now have 16/22 mp.
Your +4 falchion of electrocution stops crackling.
Your +5 spear of freezing glows with a cold blue light!
O - a +5 spear of freezing (weapon)
The wall freezes the seven-headed hydra!
The seven-headed hydra seems to slow down.
The seven-headed hydra bites you.
You block the seven-headed hydra's attack.
The seven-headed hydra bites you but does no damage.
The seven-headed hydra completely misses you.
The seven-headed hydra bites you! x2
The seven-headed hydra bites you but does no damage.
You take 20 damage, and have 47/74 hp.
MASSIVE DAMAGE!!
You hit the seven-headed hydra.
The seven-headed hydra seems to slow down.
You freeze the seven-headed hydra.
Unknown command.
You barely miss the seven-headed hydra. You squeeze the seven-headed hydra.
The wall freezes the seven-headed hydra!
The seven-headed hydra bites you!
The seven-headed hydra bites you but does no damage.
The seven-headed hydra bites you. The seven-headed hydra bites you!
The seven-headed hydra misses you.
The seven-headed hydra completely misses you.
The seven-headed hydra closely misses you.
You take 23 damage, and have 24/74 hp.
MASSIVE DAMAGE!!
You barely miss the seven-headed hydra.
You squeeze the seven-headed hydra, but do no damage.
The wall freezes the seven-headed hydra!
The seven-headed hydra barely misses you. x2
The seven-headed hydra bites you!
* * * LOW HITPOINT WARNING * * *
You block the seven-headed hydra's attack.
The seven-headed hydra bites you!
* * * LOW HITPOINT WARNING * * *
The seven-headed hydra bites you!
You die...
Your body crumbles into a pile of gold.

## ..####.### .#
#####.P#...#P# .#
#..#.........## ##
###.P..........#
####..............
#..#..P.........##
.................#
..P.###........D##
.#### ##..#.#..#@#
## ####.....## #
#....## ###
##....# #.######
###.##
###.....P#P....#
##.#............
'...#............
#........?........


You could see a seven-headed hydra (slow, corroded).

Vanquished Creatures
  A hydra (Lair:2)
  A two-headed ogre (D:10)
  6 cane toads
  3 black mambas
  4 komodo dragons
  2 trolls
  A polar bear (Lair:3)
  24 blink frogs
  A wyvern (Lair:3)
  29 yaks
  8 basilisks
  8 water moccasins
  A soldier ant (D:10)
  13 orc warriors
  4 ice beasts
  4 sky beasts
  A black bear (D:9)
  6 necrophages
  9 ogres
  10 centaurs
  22 wolves
  A big kobold (D:8)
  14 bullfrogs
  A wyvern zombie (D:9)
  A water moccasin zombie (D:9)
  2 water moccasin skeletons
  4 scorpions
  9 wights
  2 electric eels
  4 howler monkeys
  2 centaur zombies (D:9)
  A quasit (D:8)
  8 hounds
  2 bullfrog skeletons
  4 jellies
  12 orc wizards
  7 orc priests
  A gnoll shaman (D:8)
  2 iguanas
  6 hell rats (Lair:4)
  5 worker ants
  3 worker ant zombies
  6 gnolls
  A howler monkey skeleton (D:9)
  7 adders
  2 shadow imps
  3 white imps
  2 ufetubi (D:8)
  2 oozes (D:1)
  2 adder zombies
  3 adder skeletons
  A worm (D:2)
  3 dart slugs
  6 leopard geckos
  42 orcs
  A ball python (D:6)
  4 bats
  4 giant cockroaches
  8 goblins
  5 hobgoblins
  15 jackals
  10 kobolds
  3 quokkas
  6 frilled lizards
  2 leopard gecko skeletons
  6 rats
393 creatures vanquished.

Vanquished Creatures (others)
  5 dream sheep (D:3)
  17 fungi
  21 plants
43 creatures vanquished.

Grand Total: 436 creatures vanquished

Notes
Turn   | Place    | Note
-------+----------+-------------------------------------------
     0 | D:1      | sokol815 the Octopode Gladiator began the quest for the
                  | Orb.
     0 | D:1      | Reached XP level 1. HP: 14/14 MP: 1/1
    21 | D:1      | Reached skill level 1 in Stealth
    61 | D:1      | Reached skill level 2 in Stealth
    61 | D:1      | Reached XP level 2. HP: 14/19 MP: 2/2
   643 | D:1      | Reached skill level 3 in Stealth
   652 | D:1      | Reached XP level 3. HP: 24/24 MP: 3/3
  1560 | D:3      | Found a stormy altar of Qazlal.
  1653 | D:3      | Reached skill level 4 in Stealth
  1659 | D:3      | Reached XP level 4. HP: 29/29 MP: 4/4
  2157 | D:3      | HP: 2/29 [orc/cursed +0 flail (12)]
  2576 | D:3      | Noticed a dream sheep
  2576 | D:3      | Noticed a dream sheep
  2576 | D:3      | Noticed a dream sheep
  2576 | D:3      | Noticed a dream sheep
  2576 | D:3      | Noticed a dream sheep
  2576 | D:3      | Found a shimmering altar of Xom.
  2579 | D:3      | Killed a dream sheep
  2579 | D:3      | Killed a dream sheep
  2579 | D:3      | Killed a dream sheep
  2579 | D:3      | Killed a dream sheep
  2579 | D:3      | Killed a dream sheep
  2580 | D:3      | Reached skill level 5 in Stealth
  2580 | D:3      | Reached XP level 5. HP: 34/34 MP: 5/5
  2591 | D:3      | Reached skill level 4 in Long Blades
  2956 | D:3      | Reached skill level 6 in Stealth
  3523 | D:4      | Noticed Eustachio
  3619 | D:4      | Noticed an ogre
  3625 | D:4      | Killed an ogre
  3626 | D:4      | Reached skill level 7 in Stealth
  3626 | D:4      | Reached XP level 6. HP: 19/39 MP: 6/6
  3967 | D:5      | Entered Level 5 of the Dungeon
  4159 | D:5      | HP: 3/39 [ogre/+0 giant club (20)]
  4530 | D:5      | Reached skill level 5 in Long Blades
  4530 | D:5      | Reached skill level 8 in Stealth
  4532 | D:5      | Reached XP level 7. HP: 21/45 MP: 7/7
  4965 | D:5      | Found a hide-covered altar of Uskayaw.
  4975 | D:5      | Reached skill level 6 in Long Blades
  5066 | D:5      | HP: 9/45 [sky beast (5)]
  5066 | D:5      | HP: 3/45 [sky beast (6)]
  5431 | D:5      | HP: 8/45 [sky beast (6)]
  5433 | D:5      | Reached skill level 7 in Long Blades
  5690 | D:5      | Found a staircase to the Ecumenical Temple.
  5697 | D:5      | Reached XP level 8. HP: 42/50 MP: 8/8
  5699 | Temple   | Entered the Ecumenical Temple
  5778 | Temple   | Became a worshipper of Gozag Ym Sagoz the Greedy
  6173 | D:5      | Reached skill level 8 in Long Blades
  6619 | D:6      | Reached skill level 4 in Dodging
  6939 | D:6      | Found a sparkling altar of Nemelex Xobeh.
  7242 | D:6      | Reached skill level 9 in Long Blades
  7242 | D:6      | Reached skill level 5 in Dodging
  7277 | D:6      | Reached XP level 9. HP: 28/54 MP: 9/9
  7940 | D:7      | Reached skill level 6 in Dodging
  7952 | D:7      | Noticed Harold
  8003 | D:7      | Reached skill level 10 in Long Blades
  8193 | D:7      | Found a glowing silver altar of Zin.
  8709 | D:8      | Reached skill level 11 in Long Blades
  8726 | D:8      | Learned a level 3 spell: Ozocubu's Armour
  8730 | D:8      | Learned a level 3 spell: Frozen Ramparts
  8853 | D:8      | Reached skill level 1 in Ice Magic
  8947 | D:8      | Reached skill level 2 in Ice Magic
  9138 | D:8      | Reached XP level 10. HP: 37/60 MP: 10/10
  9143 | D:8      | Reached skill level 3 in Ice Magic
  9564 | D:9      | Found a flagged portal.
  9616 | Bailey   | Entered a bailey
  9638 | Bailey   | Reached skill level 4 in Ice Magic
  9638 | Bailey   | HP: 14/60 [orc/+0 spear (6)]
 10540 | Bailey   | Reached skill level 5 in Ice Magic
 11286 | Bailey   | Reached skill level 6 in Ice Magic
 11458 | Bailey   | Identified a scroll of acquirement
 11458 | Bailey   | Acquired the ring "Ykit" {rPois rF+ Int+6 Dex+6}
 11731 | D:9      | Reached skill level 12 in Long Blades
 11731 | D:9      | Reached skill level 7 in Ice Magic
 11946 | D:9      | Found a staircase to the Lair.
 12136 | D:9      | Reached XP level 11. HP: 56/64 MP: 11/11
 12292 | D:9      | Reached skill level 8 in Ice Magic
 12461 | D:10     | Entered Level 10 of the Dungeon
 12540 | D:10     | Noticed a two-headed ogre
 12555 | D:10     | Killed a two-headed ogre
 12752 | D:10     | Reached skill level 13 in Long Blades
 13079 | D:10     | Found a glowing golden altar of the Shining One.
 13249 | Lair:1   | Entered Level 1 of the Lair of Beasts
 13259 | Lair:1   | Reached skill level 1 in Spellcasting
 13337 | Lair:1   | Reached skill level 2 in Spellcasting
 13432 | D:9      | Bought a book of Ice for 910 gold pieces
 13439 | D:9      | Learned a level 6 spell: Ozocubu's Refrigeration
 13676 | Lair:1   | Reached skill level 3 in Spellcasting
 14205 | Lair:1   | Reached skill level 4 in Spellcasting
 14214 | Lair:1   | Reached skill level 9 in Ice Magic
 14691 | Lair:2   | Reached XP level 12. HP: 46/70 MP: 15/18
 14731 | Lair:2   | Reached skill level 10 in Ice Magic
 14946 | D:9      | Bought the Volume of Changing for 875 gold pieces
 14953 | D:9      | Learned a level 6 spell: Statue Form
 15195 | Lair:2   | Noticed a six-headed hydra
 15220 | Lair:2   | Killed a nine-headed hydra
 15731 | Lair:2   | Reached skill level 14 in Long Blades
 15966 | Lair:2   | Reached skill level 11 in Ice Magic
 16612 | Lair:3   | Reached skill level 5 in Spellcasting
 16646 | Lair:3   | Reached skill level 12 in Ice Magic
 17148 | Lair:3   | Found a staircase to the Swamp.
 17316 | Lair:3   | Reached XP level 13. HP: 58/74 MP: 21/21
 17670 | Lair:4   | Reached skill level 6 in Spellcasting
 17804 | Lair:4   | Reached skill level 13 in Ice Magic
 18056 | Lair:4   | Found a hole to the Spider Nest.
 18585 | Lair:3   | You fall into a shaft and drop 2 floors!
 18585 | Lair:5   | Found a staircase to the Slime Pits.
 18585 | Lair:5   | Found a viscous altar of Jiyva.
 18856 | Lair:5   | HP: 16/74 [seven-headed hydra (8)]
 18856 | Lair:5   | HP: 7/74 [seven-headed hydra (9)]
 18856 | Lair:5   | Mangled by a seven-headed hydra

Illustrated notes

Levels and vault maps discovered:
D:1:      wander_arrival_desolate, layout_loops_ring, minmay_bisected
D:2:      layout_loops_ring
D:3:      layout_loops_cross, grunt_qazlal_clouds, kb_xom_exploding_sheep
D:4:      layout_gridville, uniq_eustachio
D:5:      layout_loops_ring, eat_drink_and_be_merry_uskayaw,
          minmay_temple_entry_statues_pillars
D:6:      layout_loops_ring, kennysheep_little_box, minmay_misc_feat_ornament
D:7:      layout_loops_ring, marbit_many_paths, uniq_harold
D:8:      layout_cave_pools
D:9:      layout_irregular_city, lair_entry_dummy, enter_bailey_3,
          serial_undead, serial_undead_a, serial_undead_c, serial_undead_d,
          serial_undead_e, serial_undead_e, serial_undead_f, serial_undead_f,
          kennysheep_generic_room_4
D:10:     wad_cavern_with_rooms, layout_rooms, nicolae_tso_carved_into_rock
Temple:   compressed_dpeg_circular_temple
Lair:1:   layout_gridlike, serial_bayou_pond_a, nicolae_quartered_pool_medium,
          serial_bayou_pond_e, serial_bayou_crossing
Lair:2:   layout_gridlike, lemuel_fruit_tree
Lair:3:   layout_gridlike, minmay_swamp_entry_eels
Lair:4:   layout_roguey, dummy_spider_entry, wad_woods_river_03,
          fungi_pond_lemuel
Lair:5:   layout_roguey, slime_altar_1

Skill      XL: |  1  2  3  4  5  6  7  8  9 10 11 12 13 |
---------------+----------------------------------------+-----
Stealth        | 2 3 4 5 7 8 |  8.0
Long Blades    | 4 5 7 9 11 12 13 14 | 14.0
Dodging        | 5 6 |  6.0
Ice Magic      | 2 7 9 12 13 | 13.3
Spellcasting   | 4 5 6 |  6.0
Fighting       | |  2.0
Throwing       | |  2.0

Action                   |  1- 3 |  4- 6 |  7- 9 | 10-12 | 13-15 || total
-------------------------+-------+-------+-------+-------+-------++-------
Melee: Long sword        |    28 |    44 |       |       |       ||    72
       Constrict         |    12 |    23 |    46 |    86 |    17 ||   184
       Tentacles         |    10 |    15 |    49 |   132 |    24 ||   230
       Falchion          |    15 |    26 |   219 |   445 |    65 ||   770
       Dagger            |       |       |       |     9 |       ||     9
       Spear             |       |       |       |       |     3 ||     3
 Fire: Hunting sling     |       |    25 |    23 |       |       ||    48
Throw: Stone             |    23 |    63 |       |    13 |       ||    99
       Dart              |       |       |     7 |    90 |       ||    97
       Javelin           |       |       |       |    28 |    23 ||    51
       Throwing net      |       |       |       |     4 |       ||     4
 Cast: Ozocubu's Armour  |       |       |       |    17 |     6 ||    23
       Frozen Ramparts   |       |       |       |    20 |     6 ||    26
Invok: Call Merchant     |       |       |       |     1 |       ||     1
Evoke: Wand              |       |       |       |     3 |     8 ||    11
  Use: Scroll            |     3 |     6 |     3 |     6 |       ||    18
 Stab: Sleeping          |     7 |     2 |    14 |    29 |     3 ||    55
       Distracted        |       |       |     1 |    11 |     1 ||    13
Armor: Skin              |     3 |     8 |     9 |    31 |     8 ||    59
Dodge: Dodged            |    21 |    43 |   106 |   219 |    34 ||   423
Block: Other             |       |       |    22 |    53 |    11 ||    86
       Reflection        |       |       |     1 |     1 |       ||     2
       Rpst.: Long sword |     8 |     3 |       |       |       ||    11
       Falchion          |       |     5 |    28 |    54 |     8 ||    95

Table legend: (Time is in decaauts)
 A = Elapsed time spent in this place.
 B = Non-inter-level travel time spent in this place.
 C = Inter-level travel time spent in this place.
 D = Time resting spent in this place.
 E = Time spent auto-exploring this place.
 F = Levels seen in this place.
 G = Mean time per level.
                   A        B        C        D        E       F      G
               +--------+--------+--------+--------+--------+-----+--------+
         Total |  18671 |  17935 |    736 |   5091 |   9389 |  17 | 1098.3 |
       Dungeon |  11437 |  10918 |    519 |   2832 |   6244 |  10 | 1143.7 |
        Temple |    112 |     79 |     33 |      0 |     45 |   1 |  112.0 |
          Lair |   5247 |   5064 |    183 |   1354 |   2863 |   5 | 1049.4 |
        Bailey |   1874 |   1874 |      0 |    905 |    237 |   1 | 1874.0 |
               +--------+--------+--------+--------+--------+-----+--------+

Top non-repeatable levels by time:
  Bailey: 1874 daAuts
     D:5: 1819 daAuts
     D:4: 1592 daAuts
     D:3: 1464 daAuts
  Lair:3: 1459 daAuts
  Lair:1: 1378 daAuts
     D:6: 1348 daAuts
     D:9: 1317 daAuts
  Lair:2: 1205 daAuts
  Lair:4: 935 daAuts
     D:7: 882 daAuts
     D:1: 822 daAuts
     D:8: 773 daAuts
    D:10: 731 daAuts
     D:2: 686 daAuts

Table legend:
 A = Kills in this place as a percentage of kills in entire the game.
 B = Kills by you in this place as a percentage of kills by you in the entire game.
 C = Kills by friends in this place as a percentage of kills by friends in the entire game.
 D = Other kills in this place as a percentage of other kills in the entire game.
 E = Experience gained in this place as a percentage of experience gained in the entire game.
 F = Experience gained in this place divided by the number of levels of this place that you have seen.
                   A       B       C       D       E      F
               +-------+-------+-------+-------+-------+----------------------
         Total | 100.0 | 100.0 |   N/A | 100.0 | 100.0 | 2180.2
       Dungeon |  59.1 |  59.0 |   N/A | 100.0 |  26.1 | 968.5
          Lair |  31.0 |  31.0 |   N/A |   0.0 |  67.8 | 5022.4
        Bailey |   9.9 |   9.9 |   N/A |   0.0 |   6.1 | 2266.0
               +-------+-------+-------+-------+-------+----------------------
